 Dungeon Crawl Stone Soup version 0.31-a0-626-g8143ab4f1d (webtiles) character file.

Game seed: 18076884120960021721

81 DavidChitty2 the Shield-Bearer (level 4, -1/40 HPs)
             Began as a Minotaur Fighter on Aug 24, 2023.
             Slain by Sigmund
             ... wielding a +0 scythe
              (9 damage)
             ... on level 3 of the Dungeon.
             The game lasted 00:02:40 (1546 turns).

DavidChitty2 the Shield-Bearer (Minotaur Fighter)   Turns: 1546, Time: 00:02:40

Health: -1/40      AC: 10    Str: 23    XL:     4   Next: 19%
Magic:  3/3        EV:  8    Int:  5    God:
Gold:   145        SH:  4    Dex:  9    Spells: 3/3 levels left

rFire   + . .        a - +0 war axe
rCold   . . .        c - +0 buckler
rNeg    . . .        q - +0 chain mail
rPois   .            (helmet restricted)
rElec   .            r - +0 cloak
rCorr   .            (no gloves)
SInv    .            (no boots)
Will    +....        (no amulet) Stlth
                     f - ring of willpower
HPRegen 0.26/turn    i - ring of protection from fire
MPRegen 0.08/turn

%: no passive effects
@: no status effects
A: horns 2, retaliatory headbutt
a: no special abilities


You were on level 3 of the Dungeon.
You visited 1 branch of the dungeon, and saw 3 of its levels.

You collected 145 gold pieces.

Inventory:

Hand Weapons
 a - a +0 war axe (weapon)
 b - the +3 whip of Dismay {venom, rN+ Str+4}
   (You found it on level 3 of the Dungeon)

   Str+4:     It affects your strength (+4).
   rN+:       It protects you from negative energy.
Armour
 c - a +0 buckler (worn)
 q - a +0 chain mail (worn)
   (You found it on level 3 of the Dungeon)
 r - a +0 cloak (worn)
   (You found it on level 2 of the Dungeon)
Jewellery
 f - a ring of willpower (left hand)
   (You took it off a hobgoblin on level 1 of the Dungeon)
 i - a ring of protection from fire (right hand)
   (You found it on level 3 of the Dungeon)
 n - a ring of ice
   (You found it on level 2 of the Dungeon)
Scrolls
 e - a scroll of revelation {unknown}
 h - a scroll of summoning {unknown}
 j - a scroll of poison {unknown}
 l - a scroll of amnesia {unknown}
 m - 2 scrolls of identify {unknown}
 o - a scroll of enchant weapon {unknown}
 s - a scroll of teleportation {unknown}
Potions
 d - 2 potions of might
 g - 2 potions of curing {unknown}
 k - 2 potions of cancellation {unknown}
 p - a potion of brilliance {unknown}


   Skills:
 + Level 4.2 Fighting
 * Level 3.9 Axes
 + Level 4.2 Armour
 + Level 4.2 Shields


You had 3 spell levels left.
You didn't know any spells.
Your spell library contained the following spells:

 Spells                   Type           Power      Damage    Failure   Level
 Scorch                   Fire           0%         2d5       99%         2
 Flame Wave               Conj/Fire      0%         2d4       100%        4
 Summon Cactus Giant      Summ           0%         N/A       100%        6


Dungeon Overview and Level Annotations

Branches:
Dungeon (3/15)

Altars:
Zin

Shops:
D:3 *

Annotations:
D:3 Sigmund


Innate Abilities, Weirdness & Mutations

You have a pair of horns on your head.
You reflexively headbutt those who attack you in melee.


Message History

There is an open door here.
You barely miss Sigmund. You completely miss Sigmund.
Sigmund hits you with a +0 scythe.
You completely miss Sigmund. Sigmund hits you with a +0 scythe.
You hit Sigmund but do no damage. You headbutt Sigmund, but do no damage.
Sigmund closely misses you.
You closely miss Sigmund. Your headbutt misses Sigmund.
Sigmund points at you and mumbles some strange words.
You are confused.
You bump into the rock wall.
Sigmund casts a spell.
Sigmund flickers and vanishes!
Deactivating autopickup; reactivate with Ctrl-A.
Something hits you.
You see here 13 gold pieces.
You slash something! Something hits you but does no damage.
There is an open door here.
You bump into the rock wall.
Something hits you.
You bump into the rock wall.
You feel less confused.
You hear some strange, mumbled words.
A puff of flame appears from out of thin air!
The puff of flame hits you. You resist.
Unknown command.
Something hits you!
* * * LOW HITPOINT WARNING * * *
You see here 13 gold pieces.
You barely miss something. Your headbutt misses something.
Something hits you but does no damage.
You barely miss something.
You hear some strange, mumbled words.
A magic dart appears from out of thin air!
The magic dart hits you.
* * * LOW HITPOINT WARNING * * *
You completely miss something. Something hits you but does no damage.
You miss something. Your headbutt misses something. Something hits you!
* * * LOW HITPOINT WARNING * * *
You hit something. You hit something. Your headbutt misses something.
Something hits you.
* * * LOW HITPOINT WARNING * * *
You closely miss something. Something hits you but does no damage.
You miss something. Something hits you!
You die...

############
#######...........
#>................
###...####.#.####.##
#........รท..........
#......###.#.####.##
#......# #...# #.#
###'#### #...# #.##
#.{@######...# #...
#....+......#.#######
#....######.#.#....#
#....# #...#.##.#
###### #[###.##.# #.#
#.##.# #.###.##.#
#........# #####
#[###+####


There were no monsters in sight!

Vanquished Creatures
  2 adders
  A dart slug (D:3)
  An orc (D:3)
  5 bats
  4 giant cockroaches
  6 goblins
  5 hobgoblins
  10 jackals
  A kobold (D:2)
  2 quokkas (D:2)
  4 ball pythons (D:1)
  7 frilled lizards
  7 rats
55 creatures vanquished.

Notes
Turn   | Place    | Note
-------+----------+-------------------------------------------
     0 | D:1      | DavidChitty2 the Minotaur Fighter began the quest for the
                  | Orb.
     0 | D:1      | Reached XP level 1. HP: 19/19 MP: 0/0
   151 | D:1      | Reached XP level 2. HP: 27/27 MP: 1/1
   420 | D:1      | Reached XP level 3. HP: 25/33 MP: 2/2
   766 | D:2      | Found a faded altar of an unknown god.
   844 | D:2      | Found a glowing silver altar of Zin.
  1177 | D:3      | Reached XP level 4. HP: 32/40 MP: 3/3
  1247 | D:3      | Identified the +3 whip of Dismay {venom, rN+ Str+4}
  1388 | D:3      | Found Xehiomm's General Store.
  1525 | D:3      | Noticed Sigmund
  1546 | D:3      | Slain by Sigmund

Illustrated notes

Levels and vault maps discovered:
D:1:      scummos_arrival_gate, layout_loops_ring, minmay_hexomino_f4
D:2:      minmay_angry_zag, layout_basic, basic_altar,
          shapermc_ecumenical_altar_ellora
D:3:      layout_basic, serial_shops, shop, chequers_serial_rivers_micro_c,
          uniq_robin, uniq_sigmund

Skill      XL: |  1  2  3 |
---------------+----------+-----
Axes           | 3 |  3.9
Fighting       | 4 |  4.2
Shields        | 4 |  4.2
Armour         | 4 |  4.2

Action                     |  1- 3 |  4- 6 || total
---------------------------+-------+-------++-------
  Melee: War axe           |    99 |    27 ||   126
         Headbutt          |     7 |     4 ||    11
 Armour: Scale mail        |    58 |       ||    58
         Chain mail        |       |     9 ||     9
  Dodge: Dodged            |    46 |     5 ||    51
  Block: Buckler           |    29 |     1 ||    30

Table legend: (Time is in decaauts)
 A = Elapsed time spent in this place.
 B = Non-inter-level travel time spent in this place.
 C = Inter-level travel time spent in this place.
 D = Time resting spent in this place.
 E = Time spent auto-exploring this place.
 F = Levels seen in this place.
 G = Mean time per level.
                   A        B        C        D        E       F      G
               +--------+--------+--------+--------+--------+-----+--------+
         Total |   1590 |   1547 |     43 |      0 |   1168 |   3 |  530.0 |
       Dungeon |   1590 |   1547 |     43 |      0 |   1168 |   3 |  530.0 |
               +--------+--------+--------+--------+--------+-----+--------+

Top non-repeatable levels by time:
     D:1: 696 daAuts
     D:2: 502 daAuts
     D:3: 391 daAuts
